 Dungeon Crawl Stone Soup version 0.27-a0-1557-g57f10a385c (webtiles) character file.

Game seed: 6066177822021379908

72 Anon1729 the Bolt Thrower (level 4, -6/35 HPs)
             Began as a Formicid Hunter on July 15, 2021.
             Mangled by an ogre (23 damage)
             ... on level 6 of the Dungeon.
             The game lasted 00:02:43 (2448 turns).

Anon1729 the Bolt Thrower (Formicid Hunter)         Turns: 2448, Time: 00:02:43

Health: -6/35      AC:  3    Str: 18    XL:     4   Next: 48%
Magic:  4/4        EV: 12    Int: 10    God:
Gold:   42         SH:  0    Dex: 11    Spells: 3/3 levels left

rFire    . . .     SeeInvis +   a - +1 hand crossbow
rCold    . . .     Faith    .   (no shield)
rNeg     . . .     Spirit   .   c - +0 leather armour
rPois    .         Reflect  .   (helmet unavailable)
rElec    .         Harm     .   (no cloak)
rCorr    .         Rampage  .   (no gloves)
Will     .....                  (no boots)
Stlth    ++........             (no amulet)
HPRegen  0.11/turn              (no ring)
MPRegen  0.09/turn              (no ring)

@: no status effects
A: permanent stasis, dig shafts and tunnels, antennae 3, four strong arms
a: Dig, Shaft Self


You were on level 6 of the Dungeon.
You visited 1 branch of the dungeon, and saw 4 of its levels.

You collected 154 gold pieces.
You spent 112 gold pieces at shops.

Inventory:

Hand Weapons
 a - a +1 hand crossbow (weapon)
 b - a +3 short sword
Missiles
 d - 55 bolts (quivered ammo)
Armour
 c - a +0 leather armour (worn)
Wands
 j - a wand of mindburst (15)
Scrolls
 f - 3 scrolls of identify
 h - 2 scrolls of immolation
 i - a scroll of enchant weapon
Potions
 e - 3 potions of might
 g - 2 potions of curing
 k - a potion of degeneration
 l - a potion of resistance {unknown}


   Skills:
 + Level 3.0 Fighting
 + Level 4.4 Crossbows
 + Level 2.5 Dodging
 + Level 2.7 Stealth


You had 3 spell levels left.
You didn't know any spells.
Your spell library contained the following spells:

 Spells                   Type           Power      Damage    Failure   Level
 Gell's Gravitas          Tloc           0%         N/A       80%         3
 Lesser Beckoning         Tloc           0%         N/A       80%         3
 Teleport Other           Tloc           0%         N/A       80%         3


Dungeon Overview and Level Annotations

Branches:
Dungeon (3/15)

Altars:

Shops:
D:2 !

Annotations:
D:3 Sigmund


Innate Abilities, Weirdness & Mutations

You cannot be hasted, slowed, berserked, paralysed or teleported.
You can dig through walls and to a lower floor.
You have a pair of large antennae on your head. (SInv)
Your four strong arms can wield two-handed weapons with a shield.


Message History

You are more confused.
Sigmund hits you from afar with a +0 scythe.
Sigmund hits you from afar with a +0 scythe.
Sigmund casts a spell.
Sigmund flickers and vanishes for a moment.
Sigmund points at you and mumbles some strange words.
You are more confused.
There is a shaft here.
You fall into a shaft and drop 3 floors!
The shaft crumbles and collapses.
Found 26 stones.
You start resting.
You feel less confused.
You start resting.
You sense a monster nearby.
You start resting.
An ogre comes into view. It is wielding a +0 giant club.
You are too injured to fight recklessly!
Fire: 59 bolts
Press: ? - help, Q - select action, (/) - cycle Shift-Dir - straight line, f - ogre
Aim: an ogre, wielding a +0 giant club (wandering, hasn't noticed you, 77% to hit)
You shoot a bolt. The bolt barely misses the ogre.
The ogre shouts!
Fire: 58 bolts
Press: ? - help, Q - select action, (/) - cycle Shift-Dir - straight line, f/p - ogre
Aim: an ogre, wielding a +0 giant club (77% to hit)
You shoot a bolt. The bolt barely misses the ogre.
Fire: 57 bolts
Press: ? - help, Q - select action, (/) - cycle Shift-Dir - straight line, f/p - ogre
Aim: an ogre, wielding a +0 giant club (77% to hit)
You shoot a bolt. The bolt hits the ogre.
The ogre is lightly wounded.
Fire: 56 bolts
Press: ? - help, Q - select action, (/) - cycle Shift-Dir - straight line, f/p - ogre
Aim: an ogre, wielding a +0 giant club (lightly wounded, 77% to hit)
You shoot a bolt. The bolt hits the ogre!
The ogre is severely wounded.
The ogre hits you with a +0 giant club!!
Ouch! That really hurt!
You die...

.. . .
.###.
##.....
.....##
##.......
#@....#
#.O.......
#....#####
#(...#
#(...#
((...#
######


You could see an ogre.

Vanquished Creatures
  3 adders
  A dart slug (D:3)
  An orc (D:3)
  2 endoplasms
  2 giant cockroaches (D:1)
  3 goblins
  10 hobgoblins
  2 jackals (D:2)
  A quokka (D:1)
  4 ball pythons
  A bat (D:2)
  2 frilled lizards
  3 kobolds
  6 rats
41 creatures vanquished.

Notes
Turn   | Place    | Note
-------+----------+-------------------------------------------
     0 | D:1      | Anon1729 the Formicid Hunter began the quest for the Orb.
     0 | D:1      | Reached XP level 1. HP: 16/16 MP: 1/1
   330 | D:1      | Reached XP level 2. HP: 23/23 MP: 2/2
   772 | D:2      | Reached XP level 3. HP: 19/28 MP: 3/3
   887 | D:2      | Found a faded altar of an unknown god.
  1561 | D:2      | Found Limaprom's Distillery.
  1565 | D:2      | Bought a potion of curing for 42 gold pieces
  1565 | D:2      | Bought a potion of degeneration for 14 gold pieces
  1565 | D:2      | Bought a potion of might for 56 gold pieces
  1702 | D:2      | Reached XP level 4. HP: 34/34 MP: 4/4
  2418 | D:3      | Noticed Sigmund
  2435 | D:3      | You fall into a shaft and drop 3 floors!
  2444 | D:6      | Noticed an ogre
  2448 | D:6      | Mangled by an ogre

Illustrated notes

Levels and vault maps discovered:
D:1:      noname_arrival_rooms_in_the_neighbourhood, layout_basic,
          minmay_tree_intersection
D:2:      layout_loops_ring, hellmonk_ecumenical_altar_blasted, serial_shops,
          shop
D:3:      layout_loops_ring, lemuel_coloured_pillars_altar, serial_park_tiny_2,
          uniq_sigmund
D:6:      layout_basic, mainiacjoe_overflow_six_doors_small

Skill      XL: |  1  2  3  4 |
---------------+-------------+-----
Dodging        | 2 |  2.5
Stealth        | 2 |  2.7
Fighting       | 3 |  3.0
Crossbows      | |  4.4

Action                   |  1- 3 |  4- 6 || total
-------------------------+-------+-------++-------
Melee: Short sword       |    34 |    34 ||    68
 Fire: Hand crossbow     |    36 |     9 ||    45
  Use: Scroll            |       |     1 ||     1
Armor: Leather armour    |    16 |     8 ||    24
Dodge: Dodged            |    34 |    16 ||    50

Table legend: (Time is in decaauts)
 A = Elapsed time spent in this place.
 B = Non-inter-level travel time spent in this place.
 C = Inter-level travel time spent in this place.
 D = Time resting spent in this place.
 E = Time spent auto-exploring this place.
 F = Levels seen in this place.
 G = Mean time per level.
                   A        B        C        D        E       F      G
               +--------+--------+--------+--------+--------+-----+--------+
         Total |   2466 |   2391 |     75 |    164 |   1930 |   4 |  616.5 |
       Dungeon |   2466 |   2391 |     75 |    164 |   1930 |   4 |  616.5 |
               +--------+--------+--------+--------+--------+-----+--------+

Top non-repeatable levels by time:
     D:2: 1181 daAuts
     D:1: 757 daAuts
     D:3: 514 daAuts
     D:6: 13 daAuts
